TOP OF THE 1ST |
Lake County Captains batting - Pitching for Cedar Rapids Kernels : LHP Mario Flores
|
Pitching: LHP Mario Flores
|
|
Batting: RHB Juan Ordonez
|
0-0: Ball 1-0: Ball 2-0: Ball 3-0: Called Strike 3-1: Foul Ball, location: 2F 3-2: Strikes out swinging
|
Batting: RHB Josh Patterson
|
0-0: SINGLE (Groundball, 56D, EV 94.4 MPH)
|
Batting: LHB Jeff Palmowski
|
0-0: Ball 1-0: Foul Ball, location: 2F 1-1: Ball 2-1: Ball 3-1: Base on Balls Josh Patterson to second
|
Batting: RHB Carlos Abrego
|
0-0: 3-RUN HOME RUN (Flyball, 89XD, EV 100.0 MPH), Distance : 410 ft
|
Batting: LHB Esteban Cordova
|
0-0: Swinging Strike 0-1: Ball 1-1: Ball 2-1: Ball 3-1: Base on Balls
|
Batting: RHB Chris Fitzgerald
|
0-0: Called Strike 0-1: Ball 1-1: Ball 2-1: Foul Ball, location: 2F 2-2: Foul Ball, location: 2F 2-2: SINGLE (Flyball, 56D, EV 85.6 MPH) Esteban Cordova to second
|
Batting: RHB Willie Gonzales
|
0-0: SINGLE (Groundball, 34D, EV 105.6 MPH) Esteban Cordova to third Chris Fitzgerald to second
|
Batting: RHB Steve Gusman
|
0-0: Swinging Strike 0-1: Called Strike 0-2: GRAND SLAM HOME RUN (Flyball, 7LD, EV 92.5 MPH), Distance : 332 ft
|
Pitching: RHP Cody Bryant
|
|
Batting: RHB Tony Gonzales
|
0-0: Ball 1-0: Called Strike 1-1: Fly out, F8 (Line Drive, 89D, EV 96.9 MPH)
|
Batting: RHB Juan Ordonez
|
0-0: Called Strike 0-1: Ball 1-1: Ball 2-1: Ball 3-1: Base on Balls
|
Batting: RHB Josh Patterson
|
0-0: Called Strike Juan Ordonez steals 2nd base 0-1: Ball 1-1: Ball 2-1: Called Strike 2-2: Ball 3-2: Ground out 5-3 (Groundball, 56S, EV 86.9 MPH)
|
Top of the 1st over - 7 runs, 5 hits, 0 errors, 1 left on base; Lake County 7 - Cedar Rapids 0 |
BOTTOM OF THE 1ST |
Cedar Rapids Kernels batting - Pitching for Lake County Captains : RHP Gordie Pierson
|
Pitching: RHP Gordie Pierson
|
|
Batting: RHB Tim Carter
|
0-0: Ball 1-0: SINGLE (Groundball, 56S, EV 68.8 MPH) (infield hit)
|
Batting: RHB Kevin Harris
|
0-0: Fielders Choice at 2nd, 5-4 (Groundball, 56, EV 103.8 MPH)
|
Batting: RHB Mike Buchanan
|
0-0: Called Strike Kevin Harris steals 2nd base 0-1: Ball 1-1: 2-RUN HOME RUN (Flyball, 7LD, EV 93.1 MPH), Distance : 346 ft
|
Batting: RHB Nick Phipps
|
0-0: Called Strike 0-1: Foul Ball, location: 2F 0-2: Strikes out swinging
|
Batting: SHB Chris Hull
|
0-0: Ball 1-0: Called Strike 1-1: Foul Ball, location: 2F 1-2: Foul Ball, location: 2F 1-2: Ground out 4-3 (Groundball, 4, EV 101.9 MPH)
|
Bottom of the 1st over - 2 runs, 2 hits, 0 errors, 0 left on base; Lake County 7 - Cedar Rapids 2 |
TOP OF THE 2ND |
Lake County Captains batting - Pitching for Cedar Rapids Kernels : RHP Cody Bryant
|
Batting: LHB Jeff Palmowski
|
0-0: Ball 1-0: Swinging Strike 1-1: Ground out 4-3 (Groundball, 4, EV 87.5 MPH)
|
Batting: RHB Carlos Abrego
|
0-0: Ball 1-0: Foul Ball, location: 2F 1-1: Ball 2-1: Called Strike 2-2: Ball 3-2: Fly out, F4 (Popup, 4, EV 58.8 MPH)
|
Batting: LHB Esteban Cordova
|
0-0: Ball 1-0: Called Strike 1-1: Ball 2-1: Foul Ball, location: 2F 2-2: Ground out 6-3 (Groundball, 6, EV 79.4 MPH)
|
Top of the 2nd over - 0 runs, 0 hits, 0 errors, 0 left on base; Lake County 7 - Cedar Rapids 2 |
BOTTOM OF THE 2ND |
Cedar Rapids Kernels batting - Pitching for Lake County Captains : RHP Gordie Pierson
|
Batting: RHB Ruben Serrata
|
0-0: Foul Ball, location: 2F 0-1: Swinging Strike 0-2: Ball 1-2: Ball 2-2: Foul Ball, location: 2F 2-2: Strikes out looking
|
Batting: RHB Steve Terrell
|
0-0: Ball 1-0: Ball 2-0: Foul Ball, location: 2F 2-1: Foul Ball, location: 2F 2-2: Ball 3-2: Foul Ball, location: 2F 3-2: Ground out 6-3 (Groundball, 56D, EV 107.5 MPH)
|
Batting: RHB Jose Gracia
|
0-0: Ball 1-0: Foul Ball, location: 2F 1-1: Reached on error, E3 (Groundball, 34, EV 80.6 MPH)
|
Batting: RHB Jeremy Witt
|
0-0: Called Strike 0-1: Ball 1-1: Foul Ball, location: 2F 1-2: DOUBLE (Groundball, 5L, EV 103.8 MPH) Jose Gracia to third
|
Batting: RHB Tim Carter
|
0-0: Ball 1-0: Ball 2-0: Called Strike 2-1: Called Strike 2-2: Fly out, F8 (Flyball, 8LM, EV 86.2 MPH)
|
Bottom of the 2nd over - 0 runs, 1 hit, 1 error, 2 left on base; Lake County 7 - Cedar Rapids 2 |
TOP OF THE 3RD |
Lake County Captains batting - Pitching for Cedar Rapids Kernels : RHP Cody Bryant
|
Batting: RHB Chris Fitzgerald
|
0-0: Foul Ball, location: 2F 0-1: Foul Ball, location: 2F 0-2: Ball 1-2: Strikes out swinging
|
Batting: RHB Willie Gonzales
|
0-0: Called Strike 0-1: Called Strike 0-2: Fly out, F9 (Flyball, 9LM, EV 85.6 MPH)
|
Batting: RHB Steve Gusman
|
0-0: Called Strike 0-1: Ball 1-1: Called Strike 1-2: Strikes out swinging
|
Top of the 3rd over - 0 runs, 0 hits, 0 errors, 0 left on base; Lake County 7 - Cedar Rapids 2 |
BOTTOM OF THE 3RD |
Cedar Rapids Kernels batting - Pitching for Lake County Captains : RHP Gordie Pierson
|
Batting: RHB Kevin Harris
|
0-0: SINGLE (Line Drive, 56D, EV 94.4 MPH)
|
Batting: RHB Mike Buchanan
|
0-0: Ball Kevin Harris steals 2nd base 1-0: Fly out, F7 (Line Drive, 7, EV 93.8 MPH)
|
Batting: RHB Nick Phipps
|
0-0: Ball 1-0: Foul Ball, location: 2F 1-1: Foul Ball, location: 2F 1-2: Foul Ball, location: 2F 1-2: Strikes out swinging
|
Batting: SHB Chris Hull
|
0-0: Called Strike 0-1: Foul Ball, location: 2F 0-2: Strikes out swinging
|
Bottom of the 3rd over - 0 runs, 1 hit, 0 errors, 1 left on base; Lake County 7 - Cedar Rapids 2 |
TOP OF THE 4TH |
Lake County Captains batting - Pitching for Cedar Rapids Kernels : RHP Cody Bryant
|
Batting: RHB Tony Gonzales
|
0-0: Fly out, F9 (Flyball, 89D, EV 90.0 MPH)
|
Batting: RHB Juan Ordonez
|
0-0: Ball 1-0: Ball 2-0: Swinging Strike 2-1: Foul Ball, location: 2F 2-2: Ball 3-2: Base on Balls
|
Pitching: LHP Josh Armstrong
|
|
Batting: RHB Josh Patterson
|
0-0: Called Strike 0-1: Called Strike 0-2: Ball Wild Pitch! Juan Ordonez to second 1-2: SINGLE (Groundball, 6MD, EV 97.5 MPH) Juan Ordonez to third Runner from 3rd tries for Home, throw by CF and OUT! 8-2 Josh Patterson to second
|
Batting: LHB Jeff Palmowski
|
0-0: Called Strike 0-1: Ball 1-1: Swinging Strike 1-2: Strikes out swinging
|
Top of the 4th over - 0 runs, 1 hit, 0 errors, 1 left on base; Lake County 7 - Cedar Rapids 2 |
BOTTOM OF THE 4TH |
Cedar Rapids Kernels batting - Pitching for Lake County Captains : RHP Gordie Pierson
|
Batting: RHB Ruben Serrata
|
0-0: Called Strike 0-1: Ball 1-1: Swinging Strike 1-2: Strikes out swinging
|
Batting: RHB Steve Terrell
|
0-0: Ball 1-0: Swinging Strike 1-1: Ball 2-1: Swinging Strike 2-2: Foul Ball, location: 2F 2-2: Strikes out looking
|
Batting: RHB Jose Gracia
|
0-0: Ground out 6-3 (Groundball, 6, EV 105.0 MPH)
|
Bottom of the 4th over - 0 runs, 0 hits, 0 errors, 0 left on base; Lake County 7 - Cedar Rapids 2 |
TOP OF THE 5TH |
Lake County Captains batting - Pitching for Cedar Rapids Kernels : LHP Josh Armstrong
|
Batting: RHB Carlos Abrego
|
0-0: Ball 1-0: Called Strike 1-1: Called Strike 1-2: Strikes out looking
|
Batting: LHB Esteban Cordova
|
0-0: Foul Ball, location: 2F 0-1: Ball 1-1: Ball 2-1: Ball 3-1: Ground out 6-3 (Groundball, 6M, EV 79.4 MPH)
|
Batting: RHB Chris Fitzgerald
|
0-0: Swinging Strike 0-1: Ball 1-1: SINGLE (Groundball, P, EV 80.0 MPH) (infield hit)
|
Batting: RHB Willie Gonzales
|
0-0: Called Strike 0-1: Foul Ball, location: 2F 0-2: Strikes out swinging
|
Top of the 5th over - 0 runs, 1 hit, 0 errors, 1 left on base; Lake County 7 - Cedar Rapids 2 |
BOTTOM OF THE 5TH |
Cedar Rapids Kernels batting - Pitching for Lake County Captains : RHP Gordie Pierson
|
Batting: RHB Jeremy Witt
|
0-0: Ball 1-0: Foul Ball, location: 2F 1-1: Reached on error, E4 (Groundball, 4, EV 106.9 MPH)
|
Batting: RHB Tim Carter
|
0-0: Called Strike 0-1: Ball 1-1: Hit by Pitch Jeremy Witt to second
|
Batting: RHB Kevin Harris
|
0-0: 3-RUN HOME RUN (Line Drive, 78XD, EV 107.5 MPH), Distance : 410 ft
|
Pitching: RHP Mike Borell
|
|
Batting: RHB Mike Buchanan
|
0-0: Ball 1-0: Swinging Strike 1-1: Ball 2-1: Foul Ball, location: 2F 2-2: Ball 3-2: Fly out, F7 (Flyball, 7D, EV 95.6 MPH)
|
Batting: RHB Nick Phipps
|
0-0: Ball 1-0: Ball 2-0: Called Strike 2-1: Foul Ball, location: 2F 2-2: Strikes out looking
|
Batting: SHB Chris Hull
|
0-0: Swinging Strike 0-1: Called Strike 0-2: Strikes out swinging
|
Bottom of the 5th over - 3 runs, 1 hit, 1 error, 0 left on base; Lake County 7 - Cedar Rapids 5 |
TOP OF THE 6TH |
Lake County Captains batting - Pitching for Cedar Rapids Kernels : LHP Josh Armstrong
|
Batting: RHB Steve Gusman
|
0-0: Called Strike 0-1: Ground out 1-3 (Groundball, 13S, EV 65.6 MPH)
|
Batting: RHB Tony Gonzales
|
0-0: Called Strike 0-1: DOUBLE (Line Drive, 89D, EV 106.2 MPH)
|
Batting: RHB Juan Ordonez
|
0-0: Called Strike 0-1: Foul Ball, location: 2F 0-2: Fly out, F8 (Flyball, 8RD, EV 100.0 MPH)
|
Batting: RHB Josh Patterson
|
0-0: Ball 1-0: Ball 2-0: Ground out 5-3 (Groundball, 5, EV 77.5 MPH)
|
Top of the 6th over - 0 runs, 1 hit, 0 errors, 1 left on base; Lake County 7 - Cedar Rapids 5 |
BOTTOM OF THE 6TH |
Cedar Rapids Kernels batting - Pitching for Lake County Captains : RHP Mike Borell
|
Batting: RHB Ruben Serrata
|
0-0: Ground out 3-1 (Groundball, 34, EV 83.1 MPH)
|
Batting: RHB Steve Terrell
|
0-0: Foul Ball, location: 2F 0-1: Foul Ball, location: 2F 0-2: Ball 1-2: Foul Ball, location: 2F 1-2: Fly out, F1 (Line Drive, P, EV 71.9 MPH)
|
Batting: RHB Jose Gracia
|
0-0: Ball 1-0: Fly out, F9 (Flyball, 9D, EV 80.6 MPH)
|
Bottom of the 6th over - 0 runs, 0 hits, 0 errors, 0 left on base; Lake County 7 - Cedar Rapids 5 |
TOP OF THE 7TH |
Lake County Captains batting - Pitching for Cedar Rapids Kernels : LHP Josh Armstrong
|
Pitching: RHP Pat Adams
|
|
Batting: LHB Jeff Palmowski
|
0-0: Called Strike 0-1: Ground out 6-3 (Groundball, 6, EV 93.1 MPH)
|
Batting: RHB Carlos Abrego
|
0-0: Ball 1-0: Foul Ball, location: 2F 1-1: DOUBLE (Line Drive, 89D, EV 105.0 MPH)
|
Batting: LHB Esteban Cordova
|
0-0: Foul Ball, location: 2F 0-1: Called Strike 0-2: Strikes out looking
|
Batting: RHB Chris Fitzgerald
|
0-0: Ball 1-0: Foul Ball, location: 2F 1-1: Called Strike 1-2: Ball 2-2: Ground out 2-3 (Groundball, 2R, EV 68.8 MPH)
|
Top of the 7th over - 0 runs, 1 hit, 0 errors, 1 left on base; Lake County 7 - Cedar Rapids 5 |
BOTTOM OF THE 7TH |
Cedar Rapids Kernels batting - Pitching for Lake County Captains : RHP Mike Borell
|
Batting: RHB Jeremy Witt
|
0-0: Ball 1-0: Ball 2-0: Called Strike 2-1: Ball 3-1: Base on Balls
|
Batting: RHB Tim Carter
|
0-0: Called Strike 0-1: Foul Ball, location: 2F 0-2: Foul Ball, location: 2F 0-2: Foul Ball, location: 2F 0-2: Ball 1-2: Foul Ball, location: 2F 1-2: Ball 2-2: Fielders Choice at 2nd, 6-4 (Groundball, 6S, EV 89.4 MPH)
|
Batting: RHB Kevin Harris
|
0-0: Called Strike Tim Carter steals 2nd base (no throw) 0-1: Foul Ball, location: 2F 0-2: Ball 1-2: Foul Ball, location: 2F 1-2: Fly out, F7 (Flyball, 78M, EV 76.2 MPH)
|
Batting: RHB Mike Buchanan
|
0-0: Ground out 3-1 (Groundball, 34, EV 100.0 MPH)
|
Bottom of the 7th over - 0 runs, 0 hits, 0 errors, 1 left on base; Lake County 7 - Cedar Rapids 5 |
TOP OF THE 8TH |
Lake County Captains batting - Pitching for Cedar Rapids Kernels : RHP Pat Adams
|
Pitching: RHP Dean Huch
|
|
Batting: RHB Willie Gonzales
|
0-0: Ball 1-0: Ball 2-0: Swinging Strike 2-1: Foul Ball, location: 2F 2-2: Strikes out looking
|
Batting: RHB Steve Gusman
|
0-0: Ball 1-0: SINGLE (Groundball, 4MD, EV 103.1 MPH)
|
Batting: RHB Tony Gonzales
|
0-0: Ball Steve Gusman is caught stealing 2nd base 2-4 1-0: Called Strike 1-1: Foul Ball, location: 2F 1-2: Strikes out swinging
|
Top of the 8th over - 0 runs, 1 hit, 0 errors, 0 left on base; Lake County 7 - Cedar Rapids 5 |
BOTTOM OF THE 8TH |
Cedar Rapids Kernels batting - Pitching for Lake County Captains : RHP Mike Borell
|
Pitching: RHP Nate Burnett
|
|
Batting: RHB Nick Phipps
|
0-0: Swinging Strike 0-1: Fly out, F8 (Flyball, 8LXD, EV 80.6 MPH)
|
Batting: SHB Chris Hull
|
0-0: Called Strike 0-1: Swinging Strike 0-2: Strikes out swinging
|
Pinch Hitting: LHB Tomas Espino
|
0-0: Ball 1-0: Ball 2-0: Ball 3-0: Base on Balls
|
Batting: RHB Steve Terrell
|
0-0: Ball 1-0: Ball 2-0: Ball 3-0: Called Strike 3-1: Ground out 4-3 (Groundball, 4, EV 89.4 MPH)
|
Bottom of the 8th over - 0 runs, 0 hits, 0 errors, 1 left on base; Lake County 7 - Cedar Rapids 5 |
TOP OF THE 9TH |
Lake County Captains batting - Pitching for Cedar Rapids Kernels : RHP Dean Huch
|
Pitching: RHP Andy Symons
|
|
Now in CF: Ton van Dijk
|
|
Batting: RHB Juan Ordonez
|
0-0: Ground out 6-3 (Groundball, 56, EV 85.0 MPH)
|
Batting: RHB Josh Patterson
|
0-0: Called Strike 0-1: Called Strike 0-2: Strikes out swinging
|
Batting: LHB Jeff Palmowski
|
0-0: Foul Ball, location: 2F 0-1: Called Strike 0-2: Ball 1-2: Foul Ball, location: 2F 1-2: Foul Ball, location: 2F 1-2: Strikes out swinging
|
Top of the 9th over - 0 runs, 0 hits, 0 errors, 0 left on base; Lake County 7 - Cedar Rapids 5 |
BOTTOM OF THE 9TH |
Cedar Rapids Kernels batting - Pitching for Lake County Captains : RHP Nate Burnett
|
Pitching: RHP Oscar Alvarado
|
|
Now in RF: Devon Grant
|
|
Batting: RHB Jose Gracia
|
0-0: Fly out, F7 (Flyball, 7, EV 83.1 MPH)
|
Batting: RHB Jeremy Witt
|
0-0: Ball 1-0: Called Strike 1-1: Foul Ball, location: 2F 1-2: SOLO HOME RUN (Flyball, 78XD, EV 97.5 MPH), Distance : 398 ft
|
Batting: RHB Tim Carter
|
0-0: Ball 1-0: Foul Ball, location: 2F 1-1: Foul Ball, location: 2F 1-2: Foul Ball, location: 2F 1-2: Strikes out swinging
|
Batting: RHB Kevin Harris
|
0-0: Called Strike 0-1: Ball 1-1: Ball 2-1: Ball 3-1: Base on Balls
|
Batting: RHB Mike Buchanan
|
0-0: Called Strike 0-1: Foul Ball, location: 2F 0-2: DOUBLE (Line Drive, 7LD, EV 108.1 MPH) Kevin Harris to third Runner from 3rd tries for Home, SAFE, throw by LF to trailing runner, OUT at third! 7-3-5
|
Bottom of the 9th over - 2 runs, 2 hits, 0 errors, 0 left on base; Lake County 7 - Cedar Rapids 7 |
TOP OF THE 10TH |
Lake County Captains batting - Pitching for Cedar Rapids Kernels : RHP Andy Symons
|
Batting: RHB Carlos Abrego
|
0-0: Ball 1-0: Ball 2-0: Called Strike 2-1: Fly out, F4 (Popup, 4M, EV 65.0 MPH)
|
Batting: LHB Esteban Cordova
|
0-0: Ball 1-0: Foul Ball, location: 2F 1-1: Fly out, F7 (Flyball, 7S, EV 75.6 MPH)
|
Batting: RHB Chris Fitzgerald
|
0-0: Ball 1-0: Ball 2-0: Fly out, F4 (Popup, 4M, EV 52.5 MPH)
|
Top of the 10th over - 0 runs, 0 hits, 0 errors, 0 left on base; Lake County 7 - Cedar Rapids 7 |
BOTTOM OF THE 10TH |
Cedar Rapids Kernels batting - Pitching for Lake County Captains : RHP Oscar Alvarado
|
Pitching: RHP Jose Esteban
|
|
Batting: RHB Nick Phipps
|
0-0: Ball 1-0: Called Strike 1-1: SINGLE (Groundball, 25, EV 67.5 MPH) (infield hit)
|
Batting: SHB Chris Hull
|
0-0: Called Strike 0-1: Ball 1-1: Ball 2-1: Swinging Strike 2-2: Strikes out looking
|
Pinch Hitting: RHB Jose Almonte
|
0-0: Ball 1-0: Foul Ball, location: 2F 1-1: Foul Ball, location: 2F 1-2: Foul Ball, location: 2F 1-2: Foul Ball, location: 2F 1-2: Fly out, F7 (Line Drive, 78M, EV 103.1 MPH)
|
Batting: RHB Steve Terrell
|
0-0: Ball 1-0: Called Strike Nick Phipps is caught stealing 2nd base 2-4
|
Bottom of the 10th over - 0 runs, 1 hit, 0 errors, 0 left on base; Lake County 7 - Cedar Rapids 7 |
TOP OF THE 11TH |
Lake County Captains batting - Pitching for Cedar Rapids Kernels : RHP Andy Symons
|
Now in LF: Jose Almonte
|
|
Now in CF: Steve Terrell
|
|
Pinch Hitting: LHB Frank Hill
|
0-0: Ball 1-0: Called Strike 1-1: Ball 2-1: Foul Ball, location: 2F 2-2: Strikes out swinging
|
Batting: RHB Steve Gusman
|
0-0: Called Strike 0-1: Ball 1-1: Swinging Strike 1-2: Ground out 5-3 (Groundball, 56, EV 76.9 MPH)
|
Pinch Hitting: LHB Hirakito Herring
|
0-0: Ball 1-0: Ball 2-0: Ball 3-0: Base on Balls
|
Pinch Hitting: LHB Dustin Taylor
|
0-0: Ball Hirakito Herring steals 2nd base 1-0: Ball 2-0: Foul Ball, location: 2F 2-1: Swinging Strike 2-2: Ball 3-2: Fly out, F8 (Line Drive, 8RD, EV 97.5 MPH)
|
Top of the 11th over - 0 runs, 0 hits, 0 errors, 1 left on base; Lake County 7 - Cedar Rapids 7 |
BOTTOM OF THE 11TH |
Cedar Rapids Kernels batting - Pitching for Lake County Captains : RHP Jose Esteban
|
Pitching: RHP Dantae Elizondo
|
|
Now at 2B: Hirakito Herring
|
|
Now at SS: Jeremy Givens
|
|
Now in CF: Devon Grant
|
|
Now in RF: Frank Hill
|
|
Batting: RHB Steve Terrell
|
0-0: Ball 1-0: Ball 2-0: Called Strike 2-1: Ball 3-1: SINGLE (Groundball, 4D, EV 106.9 MPH)
|
Batting: RHB Jose Gracia
|
0-0: Ball Wild Pitch! Steve Terrell to second 1-0: Called Strike 1-1: Called Strike 1-2: Strikes out swinging
|
Batting: RHB Jeremy Witt
|
0-0: Called Strike 0-1: Swinging Strike 0-2: Strikes out looking and he physically ARGUES THE CALL AND IS TOSSED!
|
Batting: RHB Tim Carter
|
0-0: Ball 1-0: DOUBLE (Line Drive, 78XD, EV 102.5 MPH) Steve Terrell scores
|
Bottom of the 11th over - 1 run, 2 hits, 0 errors, 1 left on base; Lake County 7 - Cedar Rapids 8 |
|